 Dungeon Crawl Stone Soup version 0.30-a0-630-g881e3bac89 (webtiles) character file.

Game seed: 3733053714705698591

86 Citaku the Covered (level 4, -1/40 HPs)
             Began as a Minotaur Fighter on Jan 13, 2023.
             Slain by an orc wizard
             ... wielding a +1 dagger of electrocution
              (14 damage)
             ... on level 3 of the Dungeon.
             The game lasted 00:02:51 (1734 turns).

Citaku the Covered (Minotaur Fighter)               Turns: 1734, Time: 00:02:52

Health: -1/40      AC:  7    Str: 23    XL:     4   Next: 26%
Magic:  3/3        EV:  8    Int:  5    God:
Gold:   186        SH:  8    Dex:  9    Spells: 3/3 levels left

rFire   . . .      SeeInvis .    a - +0 war axe
rCold   . . .      Faith    .    j - +0 kite shield
rNeg    . . .      Spirit   .    b - +0 scale mail
rPois   .          Reflect  .    (helmet restricted)
rElec   .          Harm     .    (no cloak)
rCorr   .          Rampage  .    (no gloves)
Will    .....                    (no boots) Stlth
                                 (no amulet)
HPRegen 0.26/turn                (no ring)
MPRegen 0.08/turn                (no ring)

@: no status effects
A: horns 2, retaliatory headbutt
a: no special abilities


You were on level 3 of the Dungeon.
You visited 1 branch of the dungeon, and saw 3 of its levels.

You collected 186 gold pieces.

Inventory:

Hand Weapons
 a - a +0 war axe (weapon)
Missiles
 m - a throwing net (quivered)
Armour
 b - a +0 scale mail (worn)
 j - a +0 kite shield (worn)
Wands
 o - a wand of polymorph (8)
Scrolls
 e - 2 scrolls of enchant weapon {unknown}
 f - 4 scrolls of identify {unknown}
 g - 2 scrolls of noise {unknown}
 i - 4 scrolls of vulnerability {unknown}
 k - 3 scrolls of teleportation {unknown}
 n - a scroll of fog {unknown}
 p - a scroll of immolation {unknown}
Potions
 c - a potion of heal wounds {unknown}
 d - 3 potions of might
 h - a potion of degeneration {unknown}
 l - a potion of attraction {unknown}


   Skills:
 + Level 4.2 Fighting
 * Level 3.6 Axes
 * Level 4.6 Armour
 + Level 4.1 Shields


You had 3 spell levels left.
You didn't know any spells.
Your spell library contained the following spells:

 Spells                   Type           Power      Damage    Failure   Level
 Sandblast                Erth           0%         2d4       98%         1
 Passwall                 Tmut/Erth      0%         N/A       99%         2
 Stone Arrow              Conj/Erth      0%         3d7       100%        3


Dungeon Overview and Level Annotations

Branches:
Dungeon (3/15)

Altars:
Elyvilon


Innate Abilities, Weirdness & Mutations

You have a pair of horns on your head.
You reflexively headbutt those who attack you in melee.


Message History

Found 6 poisoned darts.
Found a dagger.
You see here a +0 dagger.
k - 3 scrolls labelled XATREM JOSHRU (gained 1)
o - a wand of polymorph (8)
Found a leather armour.
p - a scroll labelled JOYSUU DAXELL An orc wizard comes into view.
It is wielding a +1 dagger of electrocution.
The orc wizard points at you and mumbles some strange words.
You block the puff of flame. 2 orcs come into view.
Found a pitted chain mail.
The orc shouts!
The orc wizard gestures at you while chanting.
You resist with some effort. You block the orc's attack.
You slash the orc!
You kill the orc!
You hit the orc wizard but do no damage.
The orc wizard casts a spell at you. The magic dart hits you!
The orc wizard barely misses you.
You hit the orc wizard.
The orc wizard is moderately wounded.
The orc wizard barely misses you.
You closely miss the orc wizard.
The orc wizard is moderately wounded.
The orc wizard points at you and mumbles some strange words.
The magic dart hits you.
The orc wizard gestures wildly while chanting.
The orc wizard flickers and vanishes!
Deactivating autopickup; reactivate with Ctrl-A.
You slash something!
You hear some strange, mumbled words.
Something tries to affect you, but you resist.
You closely miss something. Something hits you.
Something hits you but does no damage.
You are electrocuted!
* * * LOW HITPOINT WARNING * * *
You miss something. Something hits you but does no damage.
You are electrocuted!
You die...

#####........# #......
.............###....[
##.##.#.#.##........
....#.#.#.##.......#
....#†#....#.......#
....#.#............#
....#.#.........o..#
...##.........##{#
..#####.....####@#
.................#
#######..........#
....#######......####
...................>#
....#...#.##......###
..##....#.##......#
...#..............####
...#.................#


You could see an orc.

Vanquished Creatures
  An adder (D:3)
  A dart slug (D:1)
  2 orcs (D:3)
  7 ball pythons
  4 bats
  7 endoplasms
  4 giant cockroaches
  5 goblins
  7 hobgoblins
  4 jackals (D:1)
  5 kobolds
  4 quokkas
  3 frilled lizards
  9 rats
63 creatures vanquished.

Notes
Turn   | Place    | Note
-------+----------+-------------------------------------------
     0 | D:1      | Citaku the Minotaur Fighter began the quest for the Orb.
     0 | D:1      | Reached XP level 1. HP: 19/19 MP: 0/0
   220 | D:1      | Reached XP level 2. HP: 27/27 MP: 1/1
   362 | D:1      | Reached XP level 3. HP: 8/33 MP: 2/2
   942 | D:2      | Found a white marble altar of Elyvilon.
  1250 | D:3      | Reached XP level 4. HP: 40/40 MP: 3/3
  1314 | D:3      | Noticed an ice beast
  1734 | D:3      | Slain by an orc wizard

Illustrated notes

Levels and vault maps discovered:
D:1:      mrwooster_arrival_arrow, layout_basic
D:2:      layout_rooms, basic_altar
D:3:      layout_basic

Skill      XL: |  1  2  3 |
---------------+----------+-----
Armour         | 4 |  4.6
Axes           | 3 |  3.6
Shields        | 4 |  4.1
Fighting       | 4 |  4.2

Action                   |  1- 3 |  4- 6 || total
-------------------------+-------+-------++-------
Melee: War axe           |    82 |    21 ||   103
       Headbutt          |     6 |     3 ||     9
Armor: Scale mail        |    54 |     4 ||    58
Dodge: Dodged            |    45 |    12 ||    57
Block: Buckler           |    12 |       ||    12
       Kite shield       |    42 |     6 ||    48

Table legend: (Time is in decaauts)
 A = Elapsed time spent in this place.
 B = Non-inter-level travel time spent in this place.
 C = Inter-level travel time spent in this place.
 D = Time resting spent in this place.
 E = Time spent auto-exploring this place.
 F = Levels seen in this place.
 G = Mean time per level.
                   A        B        C        D        E       F      G
               +--------+--------+--------+--------+--------+-----+--------+
         Total |   1783 |   1751 |     32 |      0 |   1247 |   3 |  594.3 |
       Dungeon |   1783 |   1751 |     32 |      0 |   1247 |   3 |  594.3 |
               +--------+--------+--------+--------+--------+-----+--------+

Top non-repeatable levels by time:
     D:1: 716 daAuts
     D:3: 540 daAuts
     D:2: 526 daAuts
